 Dungeon Crawl Stone Soup version 0.30-a0-651-g0755cc6dcf (webtiles) character file.

Game seed: 16652938549039830360

63977 mrchoslav the Severer (level 14, -16/124 HPs)
             Began as a Minotaur Fighter on Jan 18, 2023.
             Was a High Priest of Okawaru.
             Killed from afar by an oklob plant (31 damage)
             ... with a splash of acid
             ... on level 4 of the Lair of Beasts.
             The game lasted 00:52:27 (17524 turns).

mrchoslav the Severer (Minotaur Fighter)           Turns: 17524, Time: 00:52:28

Health: -16/124    AC: 11    Str: 26    XL:     14   Next: 70%
Magic:  19/20      EV: 16    Int:  5    God:    Okawaru [*****.]
Gold:   1804       SH: 23    Dex: 10    Spells: 13/13 levels left

rFire   . . .      SeeInvis .    S - +6 broad axe (vamp)
rCold   . . .      Faith    .    c - +0 tower shield
rNeg    + . .      Spirit   .    L - +0 chain mail of Gitiosk {+Inv rN+ Will+}
rPois   +          Reflect  +    R - +2 hat {Stlth+}
rElec   .          Harm     .    w - +0 cloak
rCorr   .          Rampage  .    N - +3 pair of gauntlets of War {Slay+5}
Will    ++...                    V - +0 pair of boots
Stlth   +                        m - amulet of reflection
HPRegen 0.40/turn                i - +5 ring of evasion
MPRegen 0.17/turn                M - ring of poison resistance

@: heroic, corroded
A: horns 2, retaliatory headbutt
a: Renounce Religion, Evoke Invisibility, Heroism, Finesse, Duel


You were on level 4 of the Lair of Beasts.
You worshipped Okawaru.
Okawaru was extremely pleased with you.
You visited 3 branches of the dungeon, and saw 16 of its levels.
You also visited: Sewer and Ossuary.

You collected 1804 gold pieces.

Inventory:

Hand Weapons
 P - a +5 vampiric broad axe
 S - a +6 vampiric broad axe (weapon)
 Z - a +5 broad axe of electrocution
Armour
 c - a +0 tower shield (worn)
 w - a +0 cloak (worn)
 G - a +3 plate armour of willpower
 L - the +0 chain mail of Gitiosk (worn) {+Inv rN+ Will+}
   (You found it on level 10 of the Dungeon)

   rN:        It protects you from negative energy.
   +Inv:      It lets you turn invisible.
   Will:      It increases your willpower.
 N - the +3 pair of gauntlets of War (worn) {Slay+5}
   (You found it on level 1 of the Swamp)

   Slay:      It affects your accuracy & damage with ranged weapons and melee
   (+5).
 R - a +2 hat of stealth (worn)
 U - the +2 buckler "Ytuodghae" {rElec}
   (Okawaru gifted it to you on level 11 of the Dungeon)

   rElec:     It insulates you from electricity.
 V - a +0 pair of boots (worn)
Jewellery
 i - a +5 ring of evasion (left hand)
 m - an amulet of reflection (around neck)
 n - a ring of flight
 r - a +6 ring of dexterity
 u - a ring of protection from fire
 H - a ring of resist corrosion
 J - a ring of resist corrosion
 M - a ring of poison resistance (right hand)
 O - a ring of protection from fire
Wands
 v - a wand of mindburst (5)
 D - a wand of roots (11)
 E - a wand of paralysis (5)
 I - a wand of digging (4)
 T - a wand of polymorph (11)
 W - a wand of flame (16)
Scrolls
 f - 2 scrolls of fear
 g - 4 scrolls of amnesia
 k - 9 scrolls of teleportation
 l - 4 scrolls of blinking
 t - 2 scrolls of fog
 y - 5 scrolls of enchant armour
 X - 2 scrolls of enchant weapon
Potions
 a - 2 potions of ambrosia
 d - 7 potions of might
 h - 8 potions of curing
 j - a potion of heal wounds
 o - 5 potions of berserk rage
 q - a potion of flight
 s - 2 potions of invisibility
 x - 3 potions of resistance
 z - 10 potions of brilliance
 B - 2 potions of mutation
 C - 4 potions of cancellation
 F - 6 potions of lignification
 K - 4 potions of haste
Miscellaneous
 Y - a phial of floods


   Skills:
 * Level 11.2(16.2) Fighting
 * Level 18.7(23.7) Axes
 * Level 10.3(15.3) Armour
 * Level 7.7(12.7) Dodging
 - Level 0.2(5.2) Stealth
 * Level 11.5(16.5) Shields
 * Level 9.7 Invocations


You had 13 spell levels left.
You didn't know any spells.
Your spell library contained the following spells:

 Spells                   Type           Power      Damage    Failure   Level
 Magic Dart               Conj           0%         1d3       99%         1
 Necrotise                Necr           0%         1d4       99%         1
 Cigotuvi's Dreadful Rot  Necr/Pois/Air  0%         N/A       100%        2
 Poisonous Vapours        Pois/Air       0%         N/A       100%        2
 Frozen Ramparts          Ice            0%         1d1       100%        3
 Gell's Gravitas          Tloc           0%         N/A       100%        3
 Mephitic Cloud           Conj/Pois/Air  0%         N/A       100%        3
 Ozocubu's Armour         Ice            0%         N/A       100%        3
 Teleport Other           Tloc           0%         N/A       100%        3
 Vampiric Draining        Necr           0%         2d6       100%        3
 Vhi's Electric Charge    Tloc/Air       0%         N/A       100%        3
 Anguish                  Hex/Necr       0%         N/A       100%        4
 Ice Form                 Ice/Tmut       0%         N/A       100%        4
 Agony                    Necr           0%         N/A       100%        5
 Arcjolt                  Conj/Air       0%         1d10      100%        5
 Blade Hands              Tmut           0%         N/A       100%        5
 Metabolic Englaciation   Hex/Ice        0%         N/A       100%        5
 Dispersal                Tloc           0%         N/A       100%        6
 Iron Shot                Conj/Erth      0%         9d1       100%        6
 Enfeeble                 Hex            0%         N/A       100%        7
 Maxwell's Capacitive Co  Air            0%         ∞         100%        8
 Call Imp                 Summ           Unusable   N/A       N/A         2
 Animate Armour           Summ/Erth      Unusable   N/A       N/A         4
 Summon Ice Beast         Ice/Summ       Unusable   N/A       N/A         4
 Simulacrum               Ice/Necr       Unusable   N/A       N/A         6

Dungeon Overview and Level Annotations

Branches:
Dungeon (11/15)            Temple (0/1) D:6            Lair (4/5) D:11
  Swamp (1/4) Lair:2       Spider (0/4) Lair:2        Slime (0/5) Lair:4
    Orc (0/2) D:11          Sewer (visited)         Ossuary (visited)

Altars:
Ashenzari
Elyvilon
Gozag
Hepliaklqana
Kikubaaqudgha
Makhleb
Nemelex Xobeh
Okawaru
Qazlal
Uskayaw
Xom
The Shining One
Jiyva

Annotations:
Lair:4 exclusion: 4 oklob plants


Innate Abilities, Weirdness & Mutations

You have a pair of horns on your head.
You reflexively headbutt those who attack you in melee.


Message History

The splash of acid hits you!! The oklob plant spits acid at you.
The splash of acid misses you. The oklob plant spits acid at you.
The splash of acid reflects off an invisible shield around you!
The splash of acid hits the oklob plant.
The oklob plant completely resists.
You hit the oklob plant but do no damage.
The oklob plant spits acid at you. The splash of acid hits you!!
You slice the oklob plant!!
You feel better.
The oklob plant is heavily damaged.
The oklob plant spits acid at you. The splash of acid misses you.
You slash the oklob plant! You headbutt the oklob plant!
The oklob plant is almost destroyed.
You slice the oklob plant!!
You destroy the oklob plant!
Okawaru accepts your kill. Okawaru grants you armour!
Something appears at your feet!
You see here a +2 robe of the Archmagi.
The oklob plant spits acid at you. The splash of acid hits you!
The acid corrodes you! The oklob plant spits acid at you.
The splash of acid hits you!
You feel much better. The oklob plant spits acid at you.
The splash of acid hits you!!
* * * LOW HITPOINT WARNING * * *
The oklob plant spits acid at you. The splash of acid hits you!
* * * LOW HITPOINT WARNING * * *
The acid corrodes you! The oklob plant spits acid at you.
The splash of acid reflects off an invisible shield around you!
The splash of acid hits the oklob plant.
The oklob plant completely resists.
The oklob plant spits acid at you. The splash of acid hits you!!
You die...

## **,*,,* #
*,,##.#######
*#.#..#P#.#P###
#.............## ###
#.#............# #.#
#......!......## ..##
##........P....P#
..P#
#........P>P...#*
...# #.........@P..#*
...####.....(..[....#
.........###.......##
(.........###...)...#
.........#..$.####.##
..:.P....##...#* *##
........###....#*
........##..##..#
....P#.....P#*..#


You could see 4 oklob plants.

Vanquished Creatures
  Gastronok (Lair:2)
  A thorn hunter (Swamp:1)
  Louise (Swamp:1)
  An eleionoma (Swamp:1)
  A bunyip (Swamp:1)
  5 hydras
  Erica (D:9)
  3 two-headed ogres
  The ghost of semem the Markstengu, a journeyman TeHu of Gozag (D:9)
  3 goliath frogs
  A bog body (Lair:2)
  An oklob plant (Lair:4)
  An ugly thing (D:9)
  A cyclops (D:9)
  A torpor snail (Lair:4)
  3 black mambas
  Maggie (D:6)
  A gargoyle (D:11)
  2 unseen horrors
  8 cane toads
  2 kobold demonologists
  6 komodo dragons
  A troll (D:11)
  3 polar bears
  Grinder (D:4)
  A hornet (Swamp:1)
  8 blink frogs
  Prince Ribbit (D:9)
  6 slime creatures (D:10)
  2 shadows
  A spriggan (Swamp:1)
  2 water elementals
  A wraith (D:10)
  5 wyverns
  40 yaks
  3 steam dragons
  4 vampire mosquitoes (D:10)
  10 water moccasins
  4 swamp worms
  2 acid dragons (D:11)
  A sky beast (D:7)
  4 black bears
  4 orc warriors
  An ice beast (D:7)
  3 centaurs
  11 wolves
  An ogre (D:5)
  A phantom (D:7)
  6 kobold brigands
  15 bullfrogs
  A necrophage (D:8)
  A gnoll sergeant (D:7)
  3 scorpions
  12 wights
  3 jellies
  4 water moccasin zombies (Ossuary)
  5 killer bees (D:7)
  A howler monkey (D:6)
  4 electric eels
  6 hounds
  4 orc priests
  An iguana (D:4)
  Ijyb (D:4)
  7 orc wizards
  2 mummies (Ossuary)
  5 gnolls
  11 adders
  2 shadow imps
  A white imp (D:8)
  An ufetubus (D:5)
  2 adder zombies (Ossuary)
  4 worms
  A dart slug (D:3)
  15 orcs
  10 ball pythons
  4 bats
  7 endoplasms
  8 giant cockroaches
  5 gnoll zombies (Ossuary)
  8 goblins
  7 hobgoblins
  36 kobolds
  7 quokkas
  6 frilled lizards
  5 hobgoblin zombies (Ossuary)
  6 kobold zombies (Ossuary)
  9 orc zombies (Ossuary)
  6 rats
409 creatures vanquished.

Vanquished Creatures (others)
  A kobold brigand (Sewer)
  A kobold (D:11)
  26 fungi
  22 plants
  32 withered plants (Lair:3)
82 creatures vanquished.

Grand Total: 491 creatures vanquished

Notes
Turn   | Place    | Note
-------+----------+-------------------------------------------
     0 | D:1      | mrchoslav the Minotaur Fighter began the quest for the Orb.
     0 | D:1      | Reached XP level 1. HP: 19/19 MP: 0/0
   191 | D:1      | Reached XP level 2. HP: 21/27 MP: 1/1
   227 | D:1      | Found a faded altar of an unknown god.
   340 | D:1      | Prayed at the altar of an unknown god.
   340 | D:1      | Became a worshipper of Warmaster Okawaru
   340 | D:1      | Reached * piety under Okawaru
   366 | D:1      | Reached XP level 3. HP: 33/33 MP: 2/2
   625 | D:2      | Reached skill level 3 in Axes
   684 | D:2      | Found a hide-covered altar of Uskayaw.
   950 | D:2      | Reached XP level 4. HP: 40/40 MP: 3/3
  1628 | D:3      | Found an ancient bone altar of Kikubaaqudgha.
  1633 | D:3      | Found a burning altar of Makhleb.
  1961 | D:4      | Reached XP level 5. HP: 46/46 MP: 4/4
  2019 | D:4      | Found a glowing drain.
  2048 | D:4      | Reached skill level 1 in Invocations
  2052 | D:4      | Reached skill level 4 in Axes
  2057 | Sewer    | Entered a sewer
  2086 | Sewer    | Reached skill level 1 in Dodging
  2093 | Sewer    | Reached XP level 6. HP: 39/53 MP: 4/6
  2319 | Sewer    | Reached skill level 5 in Axes
  2325 | Sewer    | Reached skill level 5 in Armour
  2652 | D:4      | Noticed Ijyb
  2654 | D:4      | Noticed Grinder
  2661 | D:4      | Killed Ijyb
  2668 | D:4      | Reached ** piety under Okawaru
  2670 | D:4      | Paralysed by Grinder for 2 turns
  2686 | D:5      | Entered Level 5 of the Dungeon
  2800 | D:4      | Paralysed by Grinder for 4 turns
  2811 | D:4      | Killed Grinder
  2812 | D:4      | Reached skill level 6 in Axes
  2812 | D:4      | Reached XP level 7. HP: 46/60 MP: 6/8
  3137 | D:5      | Reached skill level 5 in Shields
  3163 | D:5      | Found an iron altar of Okawaru.
  3222 | D:5      | Reached skill level 7 in Axes
  3454 | D:5      | Reached XP level 8. HP: 62/67 MP: 9/9
  3565 | D:5      | Reached *** piety under Okawaru
  3742 | D:5      | Found a broken altar of Ashenzari.
  3748 | D:5      | Found a stormy altar of Qazlal.
  3756 | D:5      | Found a hazy altar of Hepliaklqana.
  3756 | D:5      | Found a sparkling altar of Nemelex Xobeh.
  3772 | D:5      | Found an opulent altar of Gozag.
  4031 | D:6      | Noticed Maggie
  4044 | D:6      | Killed Maggie
  4045 | D:6      | Reached skill level 5 in Fighting
  4045 | D:6      | Reached skill level 8 in Axes
  4510 | D:6      | Found a staircase to the Ecumenical Temple.
  4631 | D:6      | Reached skill level 9 in Axes
  5059 | D:7      | Reached XP level 9. HP: 74/74 MP: 11/11
  5080 | D:7      | Found a shimmering altar of Xom.
  5086 | D:7      | Reached skill level 10 in Axes
  5093 | D:7      | Reached **** piety under Okawaru
  5105 | D:7      | Reached skill level 11 in Axes
  5309 | D:7      | Reached skill level 5 in Invocations
  6122 | D:8      | Reached ***** piety under Okawaru
  6127 | D:8      | Reached skill level 12 in Axes
  6127 | D:8      | Reached XP level 10. HP: 83/83 MP: 11/13
  6445 | D:8      | Found a white marble altar of Elyvilon.
  6537 | D:8      | Found a sand-covered staircase.
  6545 | Ossuary  | Entered an ossuary
  6859 | D:9      | Found a runed translucent gate.
  6862 | D:9      | Found a runed translucent gate.
  6863 | D:9      | Found a runed translucent gate.
  6863 | D:9      | Noticed a cyclops
  6864 | D:9      | Noticed semem's ghost (journeyman TeHu)
  6865 | D:9      | Noticed a red ugly thing
  6892 | D:9      | Noticed Erica
  6918 | D:9      | Killed Erica
  6918 | D:9      | Received a gift from Okawaru
  7133 | D:9      | Reached skill level 13 in Axes
  7402 | D:9      | Reached skill level 5 in Dodging
  7418 | D:9      | Noticed Prince Ribbit
  7429 | D:9      | Killed Prince Ribbit
  7904 | D:10     | Entered Level 10 of the Dungeon
  7911 | D:9      | Reached skill level 14 in Axes
  8127 | D:10     | Reached XP level 11. HP: 60/92 MP: 11/14
  8281 | D:10     | Received a gift from Okawaru
  8432 | D:10     | Noticed a two-headed ogre
  8441 | D:10     | Killed a two-headed ogre
  8755 | D:10     | Noticed a two-headed ogre
  8760 | D:10     | Killed a two-headed ogre
  8761 | D:10     | Reached skill level 15 in Axes
  8910 | D:10     | Identified the +0 chain mail of Gitiosk {+Inv rN+ Will+}
  9336 | D:11     | Found a staircase to the Lair.
  9890 | D:11     | Reached ****** piety under Okawaru
  9890 | D:11     | Identified the +2 buckler "Ytuodghae" {rElec} (Okawaru
                  | gifted it to you on level 11 of the Dungeon)
  9890 | D:11     | Received a gift from Okawaru
 10094 | D:11     | Noticed a two-headed ogre
 10099 | D:11     | Killed a two-headed ogre
 10100 | D:11     | Reached skill level 16 in Axes
 10564 | D:11     | Found a staircase to the Orcish Mines.
 10887 | Lair:1   | Entered Level 1 of the Lair of Beasts
 10895 | Lair:1   | Reached XP level 12. HP: 103/103 MP: 16/16
 10965 | Lair:1   | Noticed a seven-headed hydra
 10971 | Lair:1   | Killed a five-headed hydra
 12728 | Lair:2   | Noticed Gastronok
 12748 | Lair:2   | Killed Gastronok
 12771 | Lair:2   | Noticed a four-headed hydra
 12785 | Lair:2   | Killed a ten-headed hydra
 12786 | Lair:2   | Reached skill level 17 in Axes
 13225 | Lair:2   | Found a hole to the Spider Nest.
 13551 | Lair:2   | Found a staircase to the Swamp.
 13648 | Swamp:1  | Entered Level 1 of the Swamp
 13648 | Swamp:1  | Noticed a six-headed hydra
 13663 | Lair:2   | Killed a 12-headed hydra
 13859 | Swamp:1  | Noticed a thorn hunter
 14083 | Swamp:1  | Killed a thorn hunter
 14083 | Swamp:1  | Received a gift from Okawaru
 14135 | Swamp:1  | Noticed a four-headed hydra
 14146 | Swamp:1  | Killed a nine-headed hydra
 14408 | Swamp:1  | Reached skill level 18 in Axes
 14602 | Swamp:1  | Reached XP level 13. HP: 99/112 MP: 18/18
 14699 | Swamp:1  | Noticed a bunyip
 14710 | Swamp:1  | Killed a bunyip
 14716 | Swamp:1  | Noticed Louise
 14720 | Swamp:1  | Reached skill level 10 in Shields
 14762 | Swamp:1  | Killed Louise
 14973 | Swamp:1  | Noticed an eleionoma
 14985 | Swamp:1  | Killed an eleionoma
 15113 | Swamp:1  | Found the +3 pair of gauntlets of War {Slay+5}
 15554 | Lair:3   | Received a gift from Okawaru
 15584 | Lair:3   | Reached skill level 10 in Fighting
 15588 | Lair:3   | Found a glowing golden altar of the Shining One.
 15800 | Lair:3   | Identified a scroll of acquirement
 15800 | Lair:3   | Acquired 512 gold pieces
 16954 | D:9      | Killed semem's ghost
 17230 | Lair:4   | Reached skill level 10 in Armour
 17230 | Lair:4   | Reached XP level 14. HP: 124/124 MP: 18/20
 17513 | Lair:4   | Found a viscous altar of Jiyva.
 17514 | Lair:4   | Found a staircase to the Slime Pits.
 17522 | Lair:4   | Received a gift from Okawaru
 17524 | Lair:4   | Killed from afar by an oklob plant

Illustrated notes

Levels and vault maps discovered:
D:1:      dpeg_arrival_short_road, layout_rooms,
          hellmonk_ecumenical_altar_pennies_from_heaven, minmay_misc_feat_room
D:2:      minmay_angry_zag, layout_rooms, basic_altar
D:3:      layout_basic, nicolae_overflow_hidden_temple
D:4:      layout_rooms, gup_sewer_entry_glass, uniq_ijyb, uniq_grinder
D:5:      layout_rooms, okawaru_metal_pillars_1_2,
          nicolae_overflow_hallway_of_the_gods, minmay_fountain_box,
          nicolae_concentric_dashed_squares_wild, serial_bayou_ford_a
D:6:      layout_loops_corners, minmay_temple_entry_grid, uniq_maggie
D:7:      layout_rooms, xom_confusion_cloud
D:8:      layout_rooms, elyvilon_altar_5, chequers_ossuary_entry_cave
D:9:      layout_irregular_city, gammafunk_ghost_split, uniq_prince_ribbit1,
          uniq_erica
D:10:     layout_irregular_city
D:11:     layout_basic, erik_lair_island, orc_0_dummy, minivault_22
Lair:1:   layout_long_grid
Lair:2:   layout_regular_city, nicolae_swamp_entry_splash_gauntlet,
          spider_nest_entry_web_field, grunt_forest_small_clearing_treed,
          uniq_gastronok
Lair:3:   layout_misc_corridors, basic_altar, pdpol_lair_neglected_garden,
          infiniplex_staircase_pool_2
Lair:4:   layout_misc_corridors, minmay_slime_entry_oklob_open
Swamp:1:  layout_basic_swamp, evilmike_swamp_ruin_house_5, uniq_louise

Skill      XL: |  1  2  3  4  5  6  7  8  9 10 11 12 13 |
---------------+----------------------------------------+-----
Armour         | 4 5 6 8 10 | 10.3
Fighting       | 4 5 6 7 8 9 11 | 11.2
Shields        | 4 5 6 7 8 9 11 | 11.5
Axes           | 3 4 6 7 9 12 14 16 18 | 18.7
Invocations    | 2 3 4 5 6 7 8 9 |  9.7
Dodging        | 1 2 3 4 5 6 7 |  7.7
Stealth        | |  0.2

Action                   |  1- 3 |  4- 6 |  7- 9 | 10-12 | 13-15 || total
-------------------------+-------+-------+-------+-------+-------++-------
Melee: War axe           |    67 |   154 |   197 |   108 |       ||   526
       Headbutt          |     6 |    19 |    31 |   124 |    78 ||   258
       Hand axe          |       |       |       |   114 |       ||   114
       Broad axe         |       |       |       |   293 |   271 ||   564
Invok: Heroism           |       |       |     5 |    11 |     3 ||    19
  Use: Scroll            |     3 |       |     5 |    11 |    13 ||    32
       Potion            |       |       |     1 |     3 |     5 ||     9
 Stab: Distracted        |       |       |       |     1 |       ||     1
       Confused          |       |       |       |     1 |       ||     1
Armor: Scale mail        |    25 |    37 |    12 |       |       ||    74
       Steam dragon scal |       |       |    29 |    46 |       ||    75
       Chain mail        |       |       |       |    88 |    53 ||   141
Dodge: Dodged            |    31 |    90 |   108 |   250 |    65 ||   544
Block: Buckler           |    30 |    77 |   136 |   283 |    10 ||   536
       Reflection        |       |     2 |     2 |    11 |     3 ||    18
       Tower shield      |       |       |       |       |   159 ||   159
       Other             |       |       |       |       |     1 ||     1

Table legend: (Time is in decaauts)
 A = Elapsed time spent in this place.
 B = Non-inter-level travel time spent in this place.
 C = Inter-level travel time spent in this place.
 D = Time resting spent in this place.
 E = Time spent auto-exploring this place.
 F = Levels seen in this place.
 G = Mean time per level.
                   A        B        C        D        E       F      G
               +--------+--------+--------+--------+--------+-----+--------+
         Total |  17626 |  15554 |   2072 |   2863 |   9185 |  18 |  979.2 |
       Dungeon |  11118 |   9821 |   1297 |   1392 |   6400 |  11 | 1010.7 |
          Lair |   4560 |   4012 |    548 |    873 |   2098 |   4 | 1140.0 |
         Swamp |   1367 |   1141 |    226 |    498 |    457 |   1 | 1367.0 |
         Sewer |    419 |    419 |      0 |    100 |    193 |   1 |  419.0 |
       Ossuary |    161 |    161 |      0 |      0 |     35 |   1 |  161.0 |
               +--------+--------+--------+--------+--------+-----+--------+

Top non-repeatable levels by time:
    D:11: 1689 daAuts
  Lair:2: 1679 daAuts
    D:10: 1468 daAuts
     D:9: 1418 daAuts
 Swamp:1: 1367 daAuts
  Lair:1: 1277 daAuts
     D:5: 1174 daAuts
  Lair:3: 1151 daAuts
     D:7: 1099 daAuts
     D:6: 1005 daAuts
     D:4: 746 daAuts
     D:1: 674 daAuts
     D:3: 672 daAuts
     D:2: 631 daAuts
     D:8: 536 daAuts
